 Dungeon Crawl Stone Soup version 0.30-a0-696-g2367cd04db (webtiles) character file.

Game seed: 6132484178679750976

759 zazu2006 the Sneak (level 7, -1/54 (58) HPs)
             Began as a Naga Hedge Wizard on Jan 20, 2023.
             Was an Initiate of Vehumet.
             Slain by a wight
             ... wielding a +0 great sword
              (15 damage)
             ... on level 4 of the Dungeon.
             The game lasted 00:06:42 (4032 turns).

zazu2006 the Sneak (Naga Hedge Wizard)              Turns: 4032, Time: 00:06:42

HP:   -1/54 (58)    AC:  6    Str: 13    XL:     7   Next: 80%
MP:   23/23         EV: 10    Int: 16    God:    Vehumet [......]
Gold: 237           SH:  0    Dex: 10    Spells: 9/15 levels left

rFire   + . .      SeeInvis +    y - +4 dagger (holy)
rCold   . . .      Faith    .    (no shield)
rNeg    . . .      Spirit   .    b - +0 robe
rPois   +          Reflect  .    v - +0 helmet
rElec   .          Harm     .    q - +1 cloak
rCorr   .          Rampage  .    (no gloves)
Will    .....                    (no barding)
Stlth   +++                      t - amulet of magic regeneration
HPRegen 0.29/turn                s - ring of protection from fire
MPRegen 0.58/turn                x - ring of magical power

@: drained, very slow
A: AC +2, large, see invisible, deformed body, poison resistance, slowness 2,
spit poison 1, naga tail 1
a: Spit Poison, Renounce Religion


You were on level 4 of the Dungeon.
You worshipped Vehumet.
Vehumet was noncommittal.
You visited 1 branch of the dungeon, and saw 5 of its levels.

You collected 237 gold pieces.

Inventory:

Hand Weapons
 j - a +2 dagger of draining
 y - a +4 dagger of holy wrath (weapon)
Missiles
 r - 2 throwing nets
Armour
 b - a +0 robe (worn)
 q - a +1 cloak (worn)
 v - a +0 helmet (worn)
Jewellery
 s - a ring of protection from fire (left hand)
 t - an amulet of magic regeneration (around neck)
 x - a ring of magical power (right hand)
 A - a ring of protection from cold
Wands
 p - a wand of flame (3)
Scrolls
 e - 2 scrolls of noise {unknown}
 g - 5 scrolls of teleportation {unknown}
 h - 4 scrolls of identify {unknown}
 k - a scroll of fog {unknown}
 l - 2 scrolls of poison {unknown}
 m - 2 scrolls of magic mapping {unknown}
 n - a scroll of immolation {unknown}
 o - a scroll of enchant weapon {unknown}
 u - a scroll of blinking {unknown}
 w - a scroll of vulnerability {unknown}
Potions
 a - a potion of curing {unknown}
 c - a potion of attraction {unknown}
 d - a potion of magic
 f - 6 potions of might {unknown}
 i - a potion of mutation {unknown}
 z - a potion of degeneration {unknown}
 B - 2 potions of haste {unknown}


   Skills:
 + Level 1.9 Fighting
 + Level 2.2 Dodging
 + Level 7.0 Stealth
 + Level 4.9 Spellcasting
 + Level 3.6 Conjurations
 + Level 1.0 Summonings
 + Level 1.0 Translocations
 + Level 0.7 Air Magic
 * Level 3.9 Poison Magic


You had 9 spell levels left.
You knew the following spells:

 Your Spells              Type           Power      Damage    Failure   Level
a - Magic Dart            Conj           60%        1d6       3%          1
b - Mephitic Cloud        Conj/Pois/Air  12%        N/A       14%         3
c - Blink                 Tloc           14%        N/A       16%         2

Your spell library contained the following spells:

 Spells                   Type           Power      Damage    Failure   Level
 Summon Small Mammal      Summ           28%        N/A       10%         1
 Cigotuvi's Dreadful Rot  Necr/Pois/Air  16%        N/A       12%         2
 Slow                     Hex            12%        N/A       16%         1
 Call Imp                 Summ           7%         N/A       16%         2
 Call Canine Familiar     Summ           7%         N/A       30%         3
 Summon Guardian Golem    Hex/Summ       5%         N/A       36%         3


Dungeon Overview and Level Annotations

Branches:
Dungeon (5/15)
 Temple: D:4-7

Altars:
Fedhas
Ru
Vehumet
Yredelemnul
Zin

Annotations:
D:3 1 runed translucent door
D:5 Pikel


Innate Abilities, Weirdness & Mutations

Your serpentine skin is tough. (AC +2)
You have supernaturally acute eyesight. (SInv)
Armour fits poorly on your strangely shaped body.
Your system is resistant to poisons. (rPois)
You cover ground very slowly.
You can spit poison.
You have a snake-like lower body.


Message History

There is a stone staircase leading down here.
Casting: Mephitic Cloud (dangerous; 14% risk of failure)
Confirm with . or Enter, or press ? or * to list all spells.
You don't know that spell.
Your +4 dagger of holy wrath stops glowing.
You are now empty-handed.
Casting: Mephitic Cloud (dangerous; 14% risk of failure)
Confirm with . or Enter, or press ? or * to list all spells.
You don't know that spell.
Casting: Mephitic Cloud (dangerous; 14% risk of failure)
Confirm with . or Enter, or press ? or * to list all spells.
You blink.
The orc hits you with a +0 short sword. The wight barely misses you.
The wight hits you but does no damage.
You feel stable enough to blink again.
The wight hits you with a +0 great sword!
You feel drained.
Really attack while wielding nothing? [Y]es or [N]o only, please.
Really attack while wielding nothing?
Okay, then.
Really attack while wielding nothing? [Y]es or [N]o only, please.
Really attack while wielding nothing? [Y]es or [N]o only, please.
Really attack while wielding nothing?
Okay, then.
Your +4 dagger of holy wrath softly glows with a divine radiance!
y - a +4 dagger of holy wrath (weapon)
The wight closely misses you.
You hit the wight.
The wight convulses.
The wight is moderately damaged.
The wight hits you with a +0 great sword!!
* * * LOW HITPOINT WARNING * * *
You feel drained.
* * * LOW HITPOINT WARNING * * *
You hit the wight.
The wight convulses.
The wight is moderately damaged.
The wight hits you with a +0 great sword!
You die...

##.#..~..)~..#.#...#........#....
#.#...~._.~...#.................(
##.#..~...~..#......>.......#....
##.#..~~~..#....zo[.......###...
##.#######....#####+###........
##.........#.o##.....######.##
######...##zo#.......#####.#.
#######z#.......##......
#@').._...'.......
###.......#).###..
#.......#....... ##.....####.....
###'###........ #..# #.#..[...
#### ####.##.. #####. ##


You could see 2 wights and 2 orcs.

Vanquished Creatures
  Eustachio (D:4)
  An ogre (D:4)
  2 scorpions
  A necrophage (D:4)
  A hound (D:4)
  3 orc priests
  Crazy Yiuf (D:2)
  A human skeleton (D:3)
  Ijyb (D:4)
  An orc wizard (D:3)
  3 gnolls (D:3)
  3 adders
  2 worms
  2 dart slugs
  7 orcs
  3 bats
  7 endoplasms
  4 giant cockroaches
  6 goblins
  3 hobgoblins
  A jackal (D:2)
  4 quokkas
  7 ball pythons
  3 frilled lizards
  6 kobolds
  14 rats
88 creatures vanquished.

Notes
Turn   | Place    | Note
-------+----------+-------------------------------------------
     0 | D:1      | zazu2006 the Naga Hedge Wizard began the quest for the Orb.
     0 | D:1      | Reached XP level 1. HP: 15/15 MP: 4/4
   165 | D:1      | Reached XP level 2. HP: 22/22 MP: 3/6
   844 | D:1      | Reached XP level 3. HP: 24/28 MP: 6/8
   850 | D:1      | Learned a level 3 spell: Mephitic Cloud
   853 | D:1      | Learned a level 2 spell: Blink
  1506 | D:2      | Found a runed translucent door.
  1507 | D:2      | Noticed Crazy Yiuf
  2167 | D:2      | Killed Crazy Yiuf
  2168 | D:2      | Reached XP level 4. HP: 34/36 MP: 6/10
  2237 | D:3      | Reached skill level 4 in Stealth
  2242 | D:3      | Reached skill level 1 in Poison Magic
  2242 | D:3      | Reached XP level 5. HP: 39/42 MP: 11/11
  2351 | D:3      | Reached skill level 5 in Stealth
  2351 | D:3      | Reached XP level 6. HP: 37/49 MP: 12/12
  2533 | D:3      | Found a blossoming altar of Fedhas.
  2970 | D:3      | Found a runed translucent door.
  2970 | D:3      | Noticed a human
  2974 | D:3      | Found a basalt altar of Yredelemnul.
  3235 | D:4      | Found a sacrificial altar of Ru.
  3268 | D:4      | Found a radiant altar of Vehumet.
  3278 | D:4      | Became a worshipper of Vehumet
  3292 | D:4      | Reached skill level 6 in Stealth
  3354 | D:4      | Reached skill level 1 in Fighting
  3438 | D:4      | Noticed Eustachio
  3454 | D:4      | Reached XP level 7. HP: 44/57 MP: 14/14
  3472 | D:4      | Killed Eustachio
  3695 | D:4      | Noticed Ijyb
  3707 | D:4      | Killed Ijyb
  3708 | D:4      | Found a glowing silver altar of Zin.
  3808 | D:4      | Reached skill level 7 in Stealth
  3976 | D:5      | Entered Level 5 of the Dungeon
  3978 | D:5      | Noticed Pikel
  4032 | D:4      | Slain by a wight

Illustrated notes

Levels and vault maps discovered:
D:1:      psy_arrival_dodecagon, layout_loops_ring
D:2:      minmay_evil_eye, layout_basic, serial_bayou_pond_b,
          minmay_rat_gold_closets, uniq_crazy_yiuf_cottage
D:3:      layout_rooms, fedhas_altar_fruit_tree, dk_yredelemnul_ordeal
D:4:      layout_cave_pools, nicolae_vehumet_altar_sigil,
          nicolae_ru_awakened_eye, mainiacjoe_overflow_concentric_impassable,
          st_stairs_14, uniq_ijyb, uniq_eustachio
D:5:      layout_cave_pools, chei_slow_surprise, minmay_temple_entry_arrows,
          st_stairs_12, chequers_avenue, uniq_sigmund, uniq_pikel

Skill      XL: |  1  2  3  4  5  6  7 |
---------------+----------------------+-----
Spellcasting   | 4 |  4.9
Stealth        | 4 5 6 7 |  7.0
Conjurations   | 2 3 |  3.6
Poison Magic   | 1 2 3 |  3.9
Fighting       | 1 |  1.9
Dodging        | 2 |  2.2
Summonings     | |  1.0
Translocations | |  1.0
Air Magic      | |  0.7

Action                   |  1- 3 |  4- 6 |  7- 9 || total
-------------------------+-------+-------+-------++-------
Melee: Dagger            |    42 |   101 |    42 ||   185
       Punch             |       |     1 |       ||     1
 Cast: Magic Dart        |    58 |    29 |     1 ||    88
       Mephitic Cloud    |     2 |     3 |     4 ||     9
       Blink             |       |       |     1 ||     1
 Abil: Spit Poison       |     5 |     1 |     2 ||     8
 Stab: Sleeping          |     5 |     4 |     3 ||    12
       Confused          |     2 |     2 |     4 ||     8
Armor: Robe              |     9 |    23 |    15 ||    47
Dodge: Dodged            |    13 |    42 |    18 ||    73

Table legend: (Time is in decaauts)
 A = Elapsed time spent in this place.
 B = Non-inter-level travel time spent in this place.
 C = Inter-level travel time spent in this place.
 D = Time resting spent in this place.
 E = Time spent auto-exploring this place.
 F = Levels seen in this place.
 G = Mean time per level.
                   A        B        C        D        E       F      G
               +--------+--------+--------+--------+--------+-----+--------+
         Total |   5016 |   4891 |    125 |    100 |   3963 |   5 | 1003.2 |
       Dungeon |   5016 |   4891 |    125 |    100 |   3963 |   5 | 1003.2 |
               +--------+--------+--------+--------+--------+-----+--------+

Top non-repeatable levels by time:
     D:2: 1560 daAuts
     D:1: 1209 daAuts
     D:3: 1132 daAuts
     D:4: 1106 daAuts
     D:5: 7 daAuts
